 Dungeon Crawl Stone Soup version 0.19-a0-1015-ge643222 (webtiles) character file.

75 JeffiDaFish the Firebug (level 4, -3/34 HPs)
             Began as a Hill Orc Fire Elementalist on July 24, 2016.
             Slain by rageheart7's ghost (4 damage)
             ... on level 3 of the Dungeon.
             The game lasted 00:26:07 (2692 turns).

JeffiDaFish the Firebug (HOFE)                      Turns: 2692, Time: 00:26:08

Health: -3/34      AC:  2    Str: 10    XL:     4   Next: 31%
Magic:  5/7        EV: 15    Int: 16    God:
Gold:   101        SH:  0    Dex: 16    Spells: 3 memorised, 1 level left

rFire  . . .     SeeInvis .     l - +1 dagger
rCold  + . .     Gourm    .     j - +0 robe
rNeg   . . .     Faith    .     (no shield)
rPois  .         Spirit   .     (no helmet)
rElec  .         Dismiss  .     (no cloak)
rCorr  .         Reflect  .     (no gloves)
SustAt .         Harm     .     (no boots)
MR     .....                    (no amulet)
Stlth  +++.......               p - ring of protection from cold
                                d - -3 ring of evasion (curse)

@: agile, not resistant to hostile enchantments, fairly stealthy
A: no striking features
a: no special abilities


You were on level 3 of the Dungeon.
You were not hungry.

You visited 1 branch of the dungeon, and saw 3 of its levels.

You collected 101 gold pieces.

Inventory:

Hand Weapons
 e - a +2 dagger of freezing
 l - a +1 dagger (weapon)
Armour
 a - a +0 robe
 j - a +0 robe (worn)
Jewellery
 d - a cursed -3 ring of evasion (left hand)
 o - an uncursed ring of protection from magic
 p - a ring of protection from cold (right hand)
Scrolls
 g - a scroll of teleportation
Potions
 f - a potion of flight {unknown}
 i - a potion of agility
 k - a potion of might {unknown}
 m - a potion of resistance
 q - a potion of curing {unknown}
Books
 b - a book of Flames

   Spells                             Type                      Level
   a - Flame Tongue                   Conjuration/Fire             1
   b - Throw Flame                    Conjuration/Fire             2
   c - Conjure Flame                  Conjuration/Fire             3
   d - Inner Flame                    Hexes/Fire                   3
   e - Sticky Flame                   Conjuration/Fire             4
   f - Fireball                       Conjuration/Fire             5
Comestibles
 c - a bread ration
 h - a chunk of flesh
 n - a royal jelly


   Skills:
 + Level 0.8 Fighting
 + Level 0.2 Short Blades
 + Level 2.1 Dodging
 + Level 1.9 Stealth
 + Level 2.1 Spellcasting
 + Level 1.3 Conjurations
 + Level 4.1 Fire Magic


You had one spell level left.
You knew the following spells:

 Your Spells              Type           Power        Failure   Level  Hunger
a - Flame Tongue          Conj/Fire      ##...        10%         1    #......
b - Throw Flame           Conj/Fire      ##....       12%         2    ###....
c - Conjure Flame         Conj/Fire      ##......     21%         3    ###....


Dungeon Overview and Level Annotations

Branches:
Dungeon (3/15)

Altars:
Dithmenos

Annotations:
D:3 rageheart7's ghost, amateur OgHu


Message History

Rageheart7's ghost is moderately damaged.
Rageheart7's ghost hits you!
* * * LOW HITPOINT WARNING * * *
Casting: Flame Tongue
Confirm with . or Enter, or press ? or * to list all spells.
Aiming: Flame Tongue
Press: ? - help, Shift-Dir - straight line, f/p - bat
Aim: a bat The flame tongue hits rageheart7's ghost.
Rageheart7's ghost is moderately damaged.
Rageheart7's ghost hits you.
* * * LOW HITPOINT WARNING * * *
Casting: Flame Tongue
Confirm with . or Enter, or press ? or * to list all spells.
You don't know that spell.
It was a potion of agility.
You feel agile all of a sudden.
Rageheart7's ghost screams, "I'll kill anyone who wants the ORB!"
Rageheart7's ghost hits you.
You die...

.## ... ##§## ##§§§##
#..##§#§#.### .....§._§§..#
....#§#.#§#.# ..
..#§§§#§g####### ######
.....#.#..bW@....# #....#
........##..#####.###.#.####
....... #...# #.#...<....#
.!...g. #.#.# #.##.#...#.#
..... #...># ##.##.....#.#
########..########.#
##.#.#.#.#.......#
#..........#######
##.......#.#


You could see rageheart7's ghost, a hobgoblin and a bat.

Vanquished Creatures
  2 adders (D:2)
  An ooze (D:1)
  A dart slug (D:1)
  2 giant geckos
  A ball python (D:2)
  5 bats
  3 giant cockroaches
  3 hobgoblins
  4 jackals (D:2)
  9 kobolds
  A quokka (D:2)
  5 giant newts
  5 goblins
  7 rats
49 creatures vanquished.

Notes
Turn   | Place    | Note
-------+----------+-------------------------------------------
     0 | D:1      | JeffiDaFish the Hill Orc Fire Elementalist began the quest for the Orb.
     0 | D:1      | Reached XP level 1. HP: 14/14 MP: 3/3
   226 | D:1      | Reached XP level 2. HP: 20/20 MP: 2/4
   245 | D:1      | Learned a level 2 spell: Throw Flame
   918 | D:1      | Reached XP level 3. HP: 22/26 MP: 0/5
  1475 | D:2      | Learned a level 3 spell: Conjure Flame
  1572 | D:2      | Reached skill level 4 in Fire Magic
  2163 | D:2      | Reached XP level 4. HP: 34/34 MP: 5/7
  2650 | D:3      | Noticed rageheart7's ghost (amateur OgHu)
  2659 | D:3      | Found a shadowy altar of Dithmenos.
  2691 | D:3      | HP: 1/34 [rageheart7's ghost (3)]
  2692 | D:3      | Slain by rageheart7's ghost

Vault maps used:
D:1:      minmay_arrival_wavy_path
D:2:      kennysheep_big_flooded_room
D:3:      grunt_dithmenos_smoke_and_mirrors, st_stairs_4,
          roderic_chinese_pattern_swastika, uniq_crazy_yiuf_cottage

Skill      XL: |  1  2  3 |
---------------+----------+-----
Spellcasting   | 2 |  2.1
Dodging        | 2 |  2.1
Fire Magic     | 4 |  4.1
Fighting       | |  0.8
Short Blades   | |  0.2
Stealth        | |  1.9
Conjurations   | |  1.3

Action                   |  1- 3 |  4- 6 || total
-------------------------+-------+-------++-------
Melee: Unarmed           |     4 |       ||     4
       Dagger            |    63 |    16 ||    79
 Cast: Flame Tongue      |    32 |     6 ||    38
       Throw Flame       |    16 |     9 ||    25
  Use: Scroll            |     6 |       ||     6
       Potion            |     1 |     1 ||     2
  Eat: Chunk             |     6 |     2 ||     8
Armor: Robe              |    29 |     6 ||    35
Dodge: Dodged            |    56 |    13 ||    69
